[Event "Titled Tuesday Blitz July 11 Early 2023"]
[White "Mazurkiewicz, Michal"]
[Black "Kiseleva, Arina"]
[WhiteFideId "1124943"]
[BlackFideId "4164989"]
[WhiteElo "2418"]
[BlackElo "2188"]
[Result "0-1"]
[Round "7"]
[TimeControl "180+2"]
[Date "2023.07.11"]
[WhiteClock "0:00:04"]
[BlackClock "0:00:04"]
[Board "152"]

1. e4 c6 2. d3 d5 3. Nd2 g6 4. g3 Bg7 5. Bg2 Nf6 6. Ngf3 O-O 7. O-O Bg4 8. h3 Bxf3 9. Qxf3 e5 10. Re1 Nbd7 11. g4 dxe4 12. dxe4 h6 13. Nf1 Nc5 14. Ng3 Ne6 15. c3 Qc7 16. Bxh6 Bxh6 17. Qxf6 Nf4 18. Nf5 gxf5 19. Qxh6 fxg4 20. hxg4 Qe7 21. Rad1 f6 22. Bf1 b5 23. a4 a6 24. c4 Rf7 25. cxb5 Rh7 26. Bc4+ Kh8 27. Rd7 Qxd7 28. Qxf6+ Qg7 29. Qxg7+ Rxg7 30. bxc6 Rxg4+ 31. Kf1 a5 32. Rd1 Rg7 33. Rd6 Rc7 34. Ke1 Rac8 35. Bb5 Kg7 36. Kd2 Ng2 37. Kc3 Nf4 38. Kc4 Kf7 39. Kc5 Ne6+ 40. Kb6 Nd4 41. Bc4+ Ke7 42. Rd7+ Rxd7 43. cxd7 Kxd7 44. b3 Rb8+ 45. Kxa5 Nc6+ 46. Ka6 Nb4+ 47. Ka5 Nc6+ 48. Ka6 Kc7 49. a5 Ra8+ 50. Kb5 Rxa5# 0-1


[Site "https://www.chess.com"]

[Event "Titled Tuesday Blitz July 11 Early 2023"]
[White "Mishra, Manoj"]
[Black "Nikologorsky, Matfei"]
[WhiteFideId "5006007"]
[BlackFideId "24102474"]
[WhiteElo "2185"]
[BlackElo "2417"]
[Result "0-1"]
[Round "7"]
[TimeControl "180+2"]
[Date "2023.07.11"]
[WhiteClock "0:01:01"]
[BlackClock "0:01:14"]
[Board "153"]

1. e4 c5 2. b4 cxb4 3. a3 d5 4. exd5 Qxd5 5. axb4 Qe5+ 6. Be2 Qxa1 7. Nc3 Nf6 8. Nf3 e6 9. Nb5 Na6 10. Nfd4 Bxb4 11. Nb3 Qe5 12. O-O O-O 13. d4 Qd5 14. c4 Qd8 15. Bb2 Bd7 16. g4 Bxb5 17. cxb5 Nc7 18. g5 Nfd5 19. h4 Rc8 20. Bd3 Qd6 21. Nc5 Qf4 22. Qh5 g6 23. Qh6 Qg4+ 24. Kh1 Nf4 25. Be4 Qh3+ 26. Kg1 Ne2# 0-1


[Site "https://www.chess.com"]

[Event "Titled Tuesday Blitz July 11 Early 2023"]
[White "Rom, Jasper"]
[Black "Baruch, Liam"]
[WhiteFideId "2023733"]
[BlackFideId "14322064"]
[WhiteElo "2406"]
[BlackElo "2173"]
[Result "1-0"]
[Round "7"]
[TimeControl "180+2"]
[Date "2023.07.11"]
[WhiteClock "0:00:05"]
[BlackClock "0:00:00"]
[Board "154"]

1. e4 e5 2. Nf3 Nc6 3. Bb5 a6 4. Bxc6 dxc6 5. O-O f6 6. d4 exd4 7. Nxd4 Bd6 8. Qh5+ g6 9. Qd1 c5 10. Ne2 Bd7 11. Nbc3 Bc6 12. Nd5 Qd7 13. c4 O-O-O 14. Be3 f5 15. Nec3 Ne7 16. Bg5 Nxd5 17. exd5 Be7 18. Qc1 Bxg5 19. Qxg5 h6 20. Qc1 g5 21. Re1 f4 22. dxc6 Qxc6 23. Nd5 Kb8 24. Qc3 Rhf8 25. f3 h5 26. Re5 g4 27. Rxh5 Qg6 28. fxg4 Qxg4 29. Qf3 Qg6 30. Re1 Qg7 31. Rhe5 c6 32. Nc3 Rf7 33. Re8 Qg5 34. Rxd8+ Qxd8 35. Qe4 Ka7 36. Qe5 Qf8 37. Ne4 f3 38. gxf3 Rg7+ 39. Kf2 Ka8 40. Nxc5 Ka7 41. Ne6 Qh8 42. Qd4+ Ka8 43. Qxg7 Qxh2+ 44. Qg2 Qh4+ 45. Qg3 Qxc4 46. Qg8+ Ka7 47. Qg7 Qc2+ 48. Re2 Qc4 49. Qd4+ 1-0


[Site "https://www.chess.com"]

[Event "Titled Tuesday Blitz July 11 Early 2023"]
[White "Vila Dupla, Aurelio"]
[Black "Szyszylo, Rafal"]
[WhiteFideId "2203383"]
[BlackFideId "1109626"]
[WhiteElo "2149"]
[BlackElo "2397"]
[Result "0-1"]
[Round "7"]
[TimeControl "180+2"]
[Date "2023.07.11"]
[WhiteClock "0:00:00"]
[BlackClock "0:00:24"]
[Board "155"]

1. Nf3 d6 2. d4 Nf6 3. g3 g6 4. Bg2 Bg7 5. O-O O-O 6. c4 Nc6 7. Nc3 a6 8. d5 Na5 9. b3 c5 10. dxc6 Nxc6 11. Bb2 Rb8 12. Ng5 h6 13. Nge4 Nxe4 14. Bxe4 Bh3 15. Re1 Qd7 16. Rc1 Rfe8 17. Qd2 h5 18. Nd5 e5 19. a4 f5 20. Nb6 Qe7 21. Bd5+ Kh7 22. e3 Rbd8 23. f4 h4 24. Qf2 Nb4 25. Rcd1 e4 26. Bxg7 Qxg7 27. gxh4 Bg4 28. Rd4 Nd3 29. Rxd3 exd3 30. Qd2 Qh6 31. Qxd3 Qxh4 32. Rf1 Qh3 33. Bg2 Qxe3+ 34. Qxe3 Rxe3 35. Nd5 Rxb3 36. Nf6+ Kg7 37. Nxg4 fxg4 38. Bd5 Rb4 39. f5 Rf8 40. Re1 gxf5 41. Re7+ Kg6 42. Bxb7 Rxa4 43. Re6+ Kg5 44. Rxd6 Rxc4 45. Bxa6 Rc2 46. Bd3 Rd2 47. Rd5 Kf4 48. Kf1 Ke3 0-1


[Site "https://www.chess.com"]

[Event "Titled Tuesday Blitz July 11 Early 2023"]
[White "Kashefi, Amir Hosein"]
[Black "Roque Sola, Jose Luis"]
[WhiteFideId "12557935"]
[BlackFideId "5120390"]
[WhiteElo "2390"]
[BlackElo "2140"]
[Result "1-0"]
[Round "7"]
[TimeControl "180+2"]
[Date "2023.07.11"]
[WhiteClock "0:00:31"]
[BlackClock "0:00:00"]
[Board "156"]

1. d4 Nf6 2. c4 g6 3. Bg5 Bg7 4. Nc3 c5 5. dxc5 Qa5 6. Nf3 Qxc5 7. e3 O-O 8. Bd3 Nc6 9. O-O d6 10. Bxf6 Bxf6 11. Ne4 Qb6 12. Nxf6+ exf6 13. b3 Ne5 14. Be4 Bg4 15. h3 Bxf3 16. Bxf3 Rad8 17. Bd5 f5 18. Qd4 Qxd4 19. exd4 Nc6 20. Rad1 Rfe8 21. Rd2 Re7 22. Rfd1 Rde8 23. Kf1 Nb8 24. b4 b6 25. a4 Nd7 26. Bc6 Rd8 27. c5 Nf6 28. Bf3 dxc5 29. dxc5 Rxd2 30. Rxd2 bxc5 31. bxc5 Rc7 32. c6 Ne4 33. Rc2 Kf8 34. Ke2 Ke7 35. Ke3 Kd6 36. Bxe4 fxe4 37. Kxe4 Rxc6 38. Rd2+ Ke6 39. Rd4 f5+ 40. Ke3 Ke5 41. Rd7 Ra6 42. Rxh7 Rxa4 43. Rc7 a5 44. Rc6 Ra3+ 45. Ke2 a4 46. Rxg6 Ke4 47. Re6+ Kd4 48. h4 Ra2+ 49. Kf3 a3 50. h5 Ra1 51. Ra6 a2 52. h6 Rh1 53. Rxa2 Rxh6 54. Ra5 Rf6 55. Kf4 Kd3 56. Rxf5 Rg6 57. g4 Ke2 58. Kg3 Rb6 59. Re5+ Kf1 60. f4 Rb3+ 61. Kh4 Kg2 62. f5 Rb8 63. f6 Rh8+ 64. Rh5 1-0


[Site "https://www.chess.com"]

[Event "Titled Tuesday Blitz July 11 Early 2023"]
[White "Mangialardo, Tiago Carvalho"]
[Black "Rian, Kapriaga"]
[WhiteFideId "2130718"]
[BlackFideId "7103263"]
[WhiteElo "2137"]
[BlackElo "2389"]
[Result "1-0"]
[Round "7"]
[TimeControl "180+2"]
[Date "2023.07.11"]
[WhiteClock "0:00:03"]
[BlackClock "0:00:00"]
[Board "157"]

1. e4 c6 2. c4 d5 3. exd5 cxd5 4. cxd5 Nf6 5. Bb5+ Bd7 6. Bc4 g6 7. Qb3 Bc8 8. Nf3 Bg7 9. O-O O-O 10. Nc3 Nbd7 11. d4 Nb6 12. Bg5 Bf5 13. Ne5 Rc8 14. d6 e6 15. d7 Nbxd7 16. g4 Nxe5 17. dxe5 Qd4 18. gxf5 Qg4+ 19. Kh1 Rxc4 20. f3 Qxg5 21. Qxc4 Nd7 22. fxe6 Nxe5 23. exf7+ Rxf7 24. Qe6 Qf6 25. Qxf6 Bxf6 26. Rad1 Kg7 27. Nd5 Bh4 28. f4 Nc4 29. b3 Nd6 30. Kg2 Nf5 31. Kh3 Bf6 32. Nxf6 Kxf6 33. Rfe1 Rc7 34. Rd3 Rc2 35. a4 h5 36. Re5 a5 37. Rb5 Rf2 38. Rxb7 Rxf4 39. Rb6+ Kg5 40. Rb5 Rf2 41. Rxa5 1-0


[Site "https://www.chess.com"]

[Event "Titled Tuesday Blitz July 11 Early 2023"]
[White "Bueno, Alfeu Junior Varela"]
[Black "cycygogne"]
[WhiteFideId "2108879"]
[WhiteElo "2377"]
[BlackElo "2119"]
[Result "1-0"]
[Round "7"]
[TimeControl "180+2"]
[Date "2023.07.11"]
[WhiteClock "0:02:33"]
[BlackClock "0:01:37"]
[Board "158"]

1. e4 e5 2. Nc3 Nf6 3. Be2 d5 4. exd5 Nxd5 5. Bf3 Nxc3 6. bxc3 Nc6 7. Bxc6+ bxc6 8. Qf3 Qd5 9. Qxd5 cxd5 10. Nf3 Bd6 11. d4 e4 12. Nd2 O-O 13. c4 c6 14. cxd5 cxd5 15. c4 dxc4 16. Nxc4 Bb4+ 17. Bd2 Bxd2+ 18. Kxd2 Ba6 19. Ne5 Rfd8 20. Ke3 f5 21. Rhc1 Rac8 22. Rc6 Rxc6 23. Nxc6 Rc8 24. Ne7+ 1-0


[Site "https://www.chess.com"]

[Event "Titled Tuesday Blitz July 11 Early 2023"]
[White "Mayaud, Raphael"]
[Black "Calhoun, Luke"]
[WhiteFideId "627151"]
[BlackFideId "2064421"]
[WhiteElo "2376"]
[BlackElo "2128"]
[Result "1-0"]
[Round "7"]
[TimeControl "180+2"]
[Date "2023.07.11"]
[WhiteClock "0:00:15"]
[BlackClock "0:00:04"]
[Board "159"]

1. d4 Nf6 2. Bg5 g6 3. Bxf6 exf6 4. e3 d5 5. g3 Bd6 6. Bg2 c6 7. Ne2 O-O 8. Nd2 Bg4 9. O-O Re8 10. c4 dxc4 11. Nxc4 Bc7 12. Re1 Nd7 13. Qb3 Rb8 14. Rac1 Be6 15. Qc2 Nb6 16. b3 Nd5 17. Nc3 Nb4 18. Qd2 b5 19. Nb2 Ba5 20. a3 Na2 21. b4 Nxc1 22. Rxc1 Bc7 23. Bxc6 Bd7 24. Bf3 a6 25. Nd5 Bd6 26. Nd3 Be6 27. N5f4 Rc8 28. Nc5 Bxc5 29. bxc5 Qd7 30. d5 Bg4 31. Bg2 g5 32. Nd3 Red8 33. e4 f5 34. Ne5 Qe7 35. Nxg4 fxg4 36. d6 Qe5 37. Qd5 Qxd5 38. exd5 Rxd6 39. Kf1 Kf8 40. Ke2 Rd7 41. Kd3 Rdc7 42. Kd4 Ke7 43. d6+ Kd7 44. dxc7 Kxc7 45. c6 Rd8+ 46. Bd5 f6 47. Re1 Kb6 48. Re7 Rc8 49. Rb7+ Ka5 50. c7 Ka4 51. Kc5 a5 52. Kc6 b4 53. axb4 axb4 54. Kd7 Rf8 55. c8=Q Rxc8 56. Kxc8 1-0


[Site "https://www.chess.com"]

[Event "Titled Tuesday Blitz July 11 Early 2023"]
[White "GAO"]
[Black "Tqebuchava, Zurab"]
[BlackFideId "13601113"]
[WhiteElo "2375"]
[BlackElo "2066"]
[Result "1/2-1/2"]
[Round "7"]
[TimeControl "180+2"]
[Date "2023.07.11"]
[WhiteClock "0:00:05"]
[BlackClock "0:00:08"]
[Board "160"]

1. e4 g6 2. d4 Bg7 3. Nc3 c6 4. Bg5 Qb6 5. Nf3 Qxb2 6. Na4 Qb4+ 7. c3 Qa5 8. Qb3 d6 9. Be2 Nf6 10. e5 Ne4 11. Bf4 b5 12. Nb2 Qxc3+ 13. Qxc3 Nxc3 14. a4 Nxe2 15. Kxe2 Ba6 16. exd6 exd6 17. Bxd6 bxa4+ 18. Kd2 Kd7 19. Be5 f6 20. Bf4 Bb5 21. Nd3 Na6 22. h4 Rae8 23. h5 g5 24. Bg3 h6 25. Nfe1 Re4 26. Nc2 Rhe8 27. Rhe1 Rxe1 28. Ncxe1 Re4 29. Nc2 f5 30. f3 Re7 31. Ne5+ Bxe5 32. Bxe5 Ke6 33. Ne3 Nb4 34. Kc3 Nd5+ 35. Nxd5 Kxd5 36. Kb4 a6 37. Rc1 Rd7 1/2-1/2


[Site "https://www.chess.com"]

[Event "Titled Tuesday Blitz July 11 Early 2023"]
[White "Winkels, Marcel"]
[Black "Bashirli, Saadat"]
[WhiteFideId "1003887"]
[BlackFideId "13429990"]
[WhiteElo "2106"]
[BlackElo "2357"]
[Result "1-0"]
[Round "7"]
[TimeControl "180+2"]
[Date "2023.07.11"]
[WhiteClock "0:00:05"]
[BlackClock "0:00:00"]
[Board "161"]

1. e4 c6 2. d4 d5 3. f3 g6 4. Nc3 Bg7 5. Be3 e6 6. Qd2 b6 7. h4 h5 8. O-O-O Nd7 9. g4 Bb7 10. exd5 exd5 11. Bg5 f6 12. Re1+ Ne7 13. Bf4 Kf7 14. Bd3 Re8 15. Nh3 Ng8 16. gxh5 gxh5 17. Rhg1 Nf8 18. Bh2 Qd7 19. Nf4 Bh6 20. Qg2 Ne7 21. Kb1 c5 22. Ng6 c4 23. Nxf8 Kxf8 24. Bg6 Nxg6 25. Qxg6 Rxe1+ 26. Rxe1 Qg7 27. Bd6+ Kg8 28. Qf5 Rd8 29. Bf4 Bxf4 30. Qxf4 Bc8 31. a3 Kh7 32. Qh2 Rg8 33. Qd6 Qg3 34. Qxd5 Rg7 35. Qxh5+ 1-0


[Site "https://www.chess.com"]

[Event "Titled Tuesday Blitz July 11 Early 2023"]
[White "Gyulamiryan-koryun"]
[Black "TomLiu777"]
[WhiteElo "1823"]
[BlackElo "2353"]
[Result "1/2-1/2"]
[Round "7"]
[TimeControl "180+2"]
[Date "2023.07.11"]
[WhiteClock "0:00:58"]
[BlackClock "0:00:28"]
[Board "162"]

1. e4 e6 2. d4 d5 3. Nd2 Be7 4. Bd3 Nf6 5. e5 Nfd7 6. Ne2 c5 7. c3 Nc6 8. Nf3 c4 9. Bc2 b5 10. a3 a5 11. O-O Ba6 12. Be3 Qb6 13. Nd2 g5 14. g3 h5 15. f4 g4 16. f5 O-O-O 17. f6 Bf8 18. b3 Bh6 19. Bf4 Rdg8 20. Kh1 Bb7 21. a4 bxa4 22. Rxa4 Ncxe5 23. dxe5 d4+ 24. Be4 d3 25. Rxc4+ Kb8 26. Nd4 h4 27. Nc6+ Ka8 28. Ne7 hxg3 29. Bxg3 Bxd2 30. Bxb7+ Qxb7+ 31. Nc6 Rc8 32. Qxd2 Rxc6 33. Rxc6 Qxc6+ 34. Kg1 Qc5+ 35. Kg2 Qd5+ 36. Kg1 Nc5 37. c4 Qd4+ 38. Bf2 Qxe5 39. Qxa5+ Kb7 40. Qb5+ Ka8 41. Qa5+ Kb7 42. Qb5+ Ka8 43. Bg3 Qe3+ 44. Bf2 Qe5 1/2-1/2


[Site "https://www.chess.com"]

[Event "Titled Tuesday Blitz July 11 Early 2023"]
[White "Sava, Christiansen-Danut-Eugen"]
[Black "Vovk, Orest"]
[WhiteFideId "1210114"]
[BlackFideId "14113490"]
[WhiteElo "2011"]
[BlackElo "2525"]
[Result "1-0"]
[Round "7"]
[TimeControl "180+2"]
[Date "2023.07.11"]
[WhiteClock "0:00:06"]
[BlackClock "0:00:04"]
[Board "163"]

1. d4 h6 2. c4 g5 3. h4 Bg7 4. hxg5 c5 5. gxh6 Nxh6 6. Nf3 cxd4 7. Nxd4 Nc6 8. Nxc6 bxc6 9. Nc3 Ng4 10. Rxh8+ Bxh8 11. e3 Bxc3+ 12. bxc3 Nf6 13. Bd3 Qa5 14. Qc2 d6 15. Bd2 Be6 16. Ke2 Qh5+ 17. f3 Qh2 18. Kf2 Nh5 19. Be4 Rc8 20. f4 Bg4 21. Rg1 Ng3 22. Rb1 Qh4 23. Kg1 Qh1+ 24. Kf2 Qh4 25. Kg1 f5 26. Bd3 Qh1+ 27. Kf2 Qh4 28. Kg1 Kf7 29. Be1 Qh1+ 30. Kf2 Qh2 31. c5 d5 32. c4 e6 33. cxd5 exd5 34. Rb7+ Kg6 35. Qc3 Rg8 36. Qe5 Nh1+ 37. Kf1 Ng3+ 38. Bxg3 Qxg3 39. Qe6+ Kh5 40. Rh7# 1-0


[Site "https://www.chess.com"]

[Event "Titled Tuesday Blitz July 11 Early 2023"]
[White "MateoReyes"]
[Black "Palacio,Igor Da Paz"]
[BlackFideId "2121140"]
[WhiteElo "2463"]
[BlackElo "2215"]
[Result "1-0"]
[Round "7"]
[TimeControl "180+2"]
[Date "2023.07.11"]
[WhiteClock "0:00:55"]
[BlackClock "0:00:00"]
[Board "164"]

1. Nf3 Nf6 2. d4 g6 3. c4 Bg7 4. Nc3 d6 5. Bg5 h6 6. Bh4 O-O 7. e3 c5 8. h3 Nc6 9. Be2 b6 10. d5 Na5 11. O-O a6 12. e4 g5 13. Bg3 Nh5 14. Bh2 Nf4 15. Bxf4 gxf4 16. Re1 e6 17. Bd3 Bxc3 18. bxc3 e5 19. Rb1 Bd7 20. Kh2 Rb8 21. Rg1 Kh8 22. g4 fxg3+ 23. Rxg3 Qf6 24. Qd2 Rg8 25. Qe3 Rg7 26. Rxg7 Kxg7 27. Nd2 Kh7 28. Qf3 Qe7 29. Nf1 b5 30. Ng3 Rb7 31. Nf5 Qf6 32. cxb5 axb5 33. Rg1 Rb8 34. Rg7+ Kh8 35. Rg3 Bxf5 36. exf5 Nc4 37. Bxc4 bxc4 38. Qg4 Qg5 39. Qxg5 hxg5 40. Rxg5 Rb2 41. Kg2 Rxa2 42. Rg4 Ra4 43. f6 Ra3 44. Rxc4 1-0


[Site "https://www.chess.com"]

[Event "Titled Tuesday Blitz July 11 Early 2023"]
[White "Horokoskii"]
[Black "Glavina, Pablo"]
[BlackFideId "100234"]
[WhiteElo "2135"]
[BlackElo "2379"]
[Result "1/2-1/2"]
[Round "7"]
[TimeControl "180+2"]
[Date "2023.07.11"]
[WhiteClock "0:01:38"]
[BlackClock "0:01:56"]
[Board "166"]

1. d4 Nf6 2. c4 e6 3. g3 d5 4. Bg2 b6 5. Nf3 Bb7 6. Ne5 Nbd7 7. O-O Bd6 8. cxd5 exd5 9. Nd3 O-O 10. Bf4 Qe7 11. Nc3 Rfe8 12. Bg5 h6 13. Bxf6 Nxf6 14. Rc1 c5 15. dxc5 bxc5 16. e3 Rac8 17. b3 d4 18. exd4 Bxg2 19. Kxg2 cxd4 20. Na4 Rxc1 21. Nxc1 Qe5 22. Nd3 Qd5+ 23. Qf3 Qxf3+ 24. Kxf3 Nd5 1/2-1/2


[Site "https://www.chess.com"]

[Event "Titled Tuesday Blitz July 11 Early 2023"]
[White "Mikhaylova, Irina"]
[Black "Levine, David"]
[WhiteFideId "4109040"]
[BlackFideId "2011611"]
[WhiteElo "2279"]
[BlackElo "2025"]
[Result "1-0"]
[Round "7"]
[TimeControl "180+2"]
[Date "2023.07.11"]
[WhiteClock "0:01:05"]
[BlackClock "0:00:00"]
[Board "167"]

1. Nf3 Nf6 2. c4 e6 3. Nc3 d5 4. d4 dxc4 5. Bg5 a6 6. a4 Nc6 7. e4 h6 8. Bxf6 Qxf6 9. e5 Qd8 10. Bxc4 Bb4 11. O-O O-O 12. Rb1 Ne7 13. Qe2 Nd5 14. Nxd5 exd5 15. Bd3 Bg4 16. h3 Bxf3 17. Qxf3 c6 18. Qe3 f5 19. f4 Qe7 20. Kh2 Qe6 21. Rg1 g5 22. Rbf1 gxf4 23. Qxf4 Kh8 24. Bxf5 Bd2 25. Qxd2 Rxf5 26. Rxf5 Qxf5 27. Qxh6+ Kg8 28. Qf6 Qxf6 29. exf6 Kf7 30. Re1 Kxf6 31. g4 Rh8 32. Kg3 Rc8 33. b4 a5 34. bxa5 Ra8 35. h4 Rxa5 36. g5+ Kf7 37. Kg4 Rxa4 38. Kf5 Rxd4 39. g6+ Kf8 40. h5 Rh4 41. Kg5 Rh2 42. h6 Rg2+ 43. Kf6 Rf2+ 44. Ke6 1-0


[Site "https://www.chess.com"]

[Event "Titled Tuesday Blitz July 11 Early 2023"]
[White "tomobeast"]
[Black "Navyblue1"]
[WhiteElo "2275"]
[BlackElo "1769"]
[Result "1-0"]
[Round "7"]
[TimeControl "180+2"]
[Date "2023.07.11"]
[WhiteClock "0:00:13"]
[BlackClock "0:00:07"]
[Board "168"]

1. e4 c5 2. Nf3 d6 3. d4 cxd4 4. Nxd4 Nf6 5. Nc3 a6 6. Bg5 Nbd7 7. Bc4 Qb6 8. Qd2 Qxb2 9. Rb1 Qa3 10. Bxf6 Nxf6 11. O-O Qc5 12. Bb3 e6 13. Kh1 Be7 14. f4 O-O 15. f5 exf5 16. Nxf5 Bxf5 17. Rxf5 Nxe4 18. Qf4 Qxc3 19. Qxe4 Bf6 20. Rbf1 b5 21. R5f3 Qe5 22. Qg4 Kh8 23. Rf5 Qe7 24. R1f3 Be5 25. Rxf7 Rxf7 26. Rxf7 Qe8 27. Qf5 Rc8 28. h4 Rd8 29. Bd5 Rb8 30. h5 a5 31. h6 b4 32. Qg5 g6 33. Qe3 Rb5 34. Qa7 Qg8 35. Rxh7+ Qxh7 36. Qa8+ Qg8 37. Qxg8# 1-0


[Site "https://www.chess.com"]

[Event "Titled Tuesday Blitz July 11 Early 2023"]
[White "Grigoryan, Meri"]
[Black "Peiris, T G M"]
[WhiteFideId "13300571"]
[BlackFideId "9901310"]
[WhiteElo "2143"]
[BlackElo "2219"]
[Result "1-0"]
[Round "7"]
[TimeControl "180+2"]
[Date "2023.07.11"]
[WhiteClock "0:00:09"]
[BlackClock "0:00:22"]
[Board "169"]

1. d4 e6 2. Nf3 f5 3. Nc3 Nf6 4. Bg5 Be7 5. Bxf6 Bxf6 6. e4 O-O 7. exf5 exf5 8. Bc4+ Kh8 9. O-O d6 10. Re1 Nc6 11. Nd5 h6 12. c3 Na5 13. Bd3 b6 14. Qc2 Bg5 15. Nxg5 hxg5 16. Ne7 Rf7 17. Qe2 g4 18. b4 Nb7 19. Bc4 Rf6 20. Nc6 Qf8 21. Qe8 Kh7 22. Re7 Qxe8 23. Rxe8 d5 24. Bxd5 Nd6 25. Rd8 Bb7 26. Rxa8 Bxa8 27. Re1 Nb5 28. Ne7 Nxc3 29. Bxa8 Nxa2 30. Nxf5 g6 31. Ng3 Nxb4 32. Re7+ Kh6 33. Rxc7 a5 34. Ne4 Re6 35. f3 gxf3 36. gxf3 Nd3 37. Kg2 Nf4+ 38. Kg3 Ne2+ 39. Kg4 Nxd4 40. Rc8 Re7 41. Rh8+ Kg7 42. Rb8 Nf5 43. Ng5 Ne3+ 44. Kg3 Nf5+ 45. Kf4 Nd4 46. Bd5 b5 47. Rg8+ Kf6 48. Rf8+ Kg7 49. Rf7+ Rxf7+ 50. Nxf7 b4 51. Nd6 b3 52. Bxb3 Nxb3 53. Nb5 a4 54. Kg5 Nc5 55. f4 Nd3 56. h4 Nc5 57. h5 Ne4+ 58. Kg4 gxh5+ 59. Kxh5 Kf6 60. Kg4 Nd6 61. Nxd6 a3 62. Ne4+ Ke6 63. Nc3 Kf6 64. f5 Kf7 65. Kg5 Kg7 66. f6+ Kf7 67. Kf5 Kf8 68. Kg6 Kg8 69. Na2 Kf8 70. f7 Ke7 71. Kg7 Kd6 72. f8=Q+ Kd5 73. Qxa3 1-0


[Site "https://www.chess.com"]

[Event "Titled Tuesday Blitz July 11 Early 2023"]
[White "Adla, Diego"]
[Black "Lisjak, Zlatko"]
[WhiteFideId "100072"]
[BlackFideId "14502186"]
[WhiteElo "2495"]
[BlackElo "2153"]
[Result "0-1"]
[Round "7"]
[TimeControl "180+2"]
[Date "2023.07.11"]
[WhiteClock "0:00:45"]
[BlackClock "0:01:45"]
[Board "170"]

1. e4 d6 2. d4 Nf6 3. Nc3 c6 4. f3 Qb6 5. Be3 Qxb2 6. Rb1 Qxc3+ 7. Qd2 Qxd2+ 8. Bxd2 e5 9. dxe5 dxe5 10. Bc4 b5 11. Bb3 Nbd7 12. Ne2 Bc5 13. Ng3 g6 14. c4 a5 15. cxb5 cxb5 16. Rc1 a4 17. Bd5 Nxd5 18. exd5 f5 19. Ne2 b4 20. Rc4 Ba6 21. Rh4 Nf6 22. Bg5 Nxd5 0-1


[Site "https://www.chess.com"]

[Event "Titled Tuesday Blitz July 11 Early 2023"]
[White "Barbot, Pierre"]
[Black "HeinichessPY"]
[WhiteFideId "663727"]
[WhiteElo "2348"]
[BlackElo "2146"]
[Result "0-1"]
[Round "7"]
[TimeControl "180+2"]
[Date "2023.07.11"]
[WhiteClock "0:00:00"]
[BlackClock "0:00:20"]
[Board "171"]

1. d4 Nf6 2. c4 c5 3. d5 b5 4. Nf3 g6 5. Qc2 Bg7 6. e4 d6 7. cxb5 O-O 8. Nc3 a6 9. a4 Nbd7 10. Bf4 Qa5 11. Nd2 axb5 12. Bxb5 Nb6 13. O-O Ng4 14. Bc6 Rb8 15. Nb5 Ba6 16. Nb3 Qb4 17. Rfc1 Ne5 18. Bd2 Qc4 19. Bc3 Nxc6 20. dxc6 Nxa4 21. Nc7 Nxc3 22. bxc3 Rxb3 23. Nxa6 Rxc3 24. Qd1 Rxc1 25. Qxc1 Qb5 26. Ra2 Qxc6 27. Nb4 Qxe4 28. Nc2 Ra8 29. Rb2 Bxb2 30. Qxb2 Qxc2 0-1


[Site "https://www.chess.com"]

[Event "Titled Tuesday Blitz July 11 Early 2023"]
[White "Fernandez, Michael"]
[Black "Tarnowska, Aleksandra"]
[WhiteFideId "5803560"]
[BlackFideId "1180967"]
[WhiteElo "2337"]
[BlackElo "2114"]
[Result "1-0"]
[Round "7"]
[TimeControl "180+2"]
[Date "2023.07.11"]
[WhiteClock "0:00:13"]
[BlackClock "0:00:05"]
[Board "172"]

1. b4 e5 2. Bb2 d6 3. e3 Nf6 4. Nf3 g6 5. d4 e4 6. Nfd2 d5 7. b5 Bg4 8. Be2 Bxe2 9. Qxe2 c6 10. c4 Bg7 11. Nc3 O-O 12. O-O Nbd7 13. a4 a6 14. f3 exf3 15. Qxf3 dxc4 16. bxc6 bxc6 17. Nxc4 c5 18. d5 Rb8 19. a5 Rb3 20. Rab1 Re8 21. Nd2 Rb8 22. e4 Qc7 23. Nc4 Ne5 24. Nxe5 Qxe5 25. Qd3 Qg5 26. Ba1 Ng4 27. Ne2 Ne3 28. Rf2 Be5 29. Bxe5 Rxb1+ 30. Qxb1 Qxe5 31. Ng3 Ng4 32. Rd2 h5 33. Qb2 Qe7 34. h3 Nf6 35. Re2 h4 36. Nf1 Qe5 37. Qxe5 Rxe5 38. Nd2 Nxd5 39. Kf2 Nc3 40. Re1 Nb5 41. Kf3 Kg7 42. Nc4 Re6 43. Rd1 Nd4+ 44. Kf4 Rf6+ 45. Ke3 Re6 46. e5 f6 47. Ke4 fxe5 48. Kd5 Re8 49. Nxe5 Nb3 50. Rb1 Nxa5 51. Nf3 Kh6 52. Kxc5 Re7 53. Nxh4 g5 54. Nf5+ Kh5 55. Nxe7 g4 56. hxg4+ Kxg4 57. Nc6 Nxc6 58. Kxc6 Kg3 59. Rb2 Kh2 60. Ra2 a5 61. Kb5 Kg3 62. Ka4 Kh2 63. Kxa5 Kg1 64. Kb4 Kh2 65. g4+ Kg1 66. g5 Kh1 67. g6 Kg1 68. g7 Kh1 69. Rb2 Kg1 70. g8=Q+ Kf1 71. Qg2+ Ke1 72. Qg1# 1-0


[Site "https://www.chess.com"]

[Event "Titled Tuesday Blitz July 11 Early 2023"]
[White "Ho, In Hei Henry"]
[Black "Shapiro, Daniel"]
[WhiteFideId "6002552"]
[BlackFideId "2001780"]
[WhiteElo "2141"]
[BlackElo "2322"]
[Result "0-1"]
[Round "7"]
[TimeControl "180+2"]
[Date "2023.07.11"]
[WhiteClock "0:00:06"]
[BlackClock "0:00:15"]
[Board "173"]

1. d4 Nf6 2. c4 e6 3. Nc3 Bb4 4. Nf3 O-O 5. Qc2 c5 6. e3 d6 7. Bd3 Nc6 8. O-O Qe7 9. Bd2 Ba5 10. Rfe1 a6 11. a3 Bc7 12. Rad1 b6 13. Ne4 h6 14. Bc3 Nxe4 15. Bxe4 Bb7 16. d5 Nd8 17. b4 e5 18. bxc5 bxc5 19. Rb1 Bc8 20. Qd2 f5 21. Bc2 e4 22. Nd4 cxd4 23. Qxd4 Rf6 24. Bb4 Rg6 25. c5 dxc5 26. Bxc5 Qe5 27. Qxe5 Bxe5 28. Red1 Nf7 29. Ba4 f4 30. exf4 Bxf4 31. Rb4 Bf5 32. Bc6 Rc8 33. Rb6 Ne5 34. Rxa6 Nxc6 35. dxc6 Rgxc6 36. Rxc6 Rxc6 37. Bb4 e3 38. fxe3 Bxe3+ 39. Kf1 Rc2 40. Rd3 Bxd3+ 0-1


[Site "https://www.chess.com"]

[Event "Titled Tuesday Blitz July 11 Early 2023"]
[White "Blokhin, Sofia"]
[Black "campochess"]
[WhiteFideId "4508190"]
[WhiteElo "2292"]
[BlackElo "2112"]
[Result "0-1"]
[Round "7"]
[TimeControl "180+2"]
[Date "2023.07.11"]
[WhiteClock "0:00:31"]
[BlackClock "0:00:57"]
[Board "174"]

1. e4 c5 2. Nf3 Nc6 3. d4 cxd4 4. Nxd4 e5 5. Nb5 a6 6. Nd6+ Bxd6 7. Qxd6 Qe7 8. Qc7 d5 9. Qxe7+ Ngxe7 10. exd5 Nxd5 11. a3 O-O 12. c4 Nde7 13. Nc3 Be6 14. Bd3 Rad8 15. Be2 Nd4 16. Bd1 Bxc4 17. Be3 Nef5 18. Bd2 Rfe8 19. Ne4 Nh4 20. Rg1 f5 21. Ng3 f4 22. Ne4 f3 23. Nf6+ gxf6 24. gxf3+ Kf7 25. Rg3 Bd5 26. Rh3 Nhxf3+ 27. Bxf3 Nxf3+ 28. Ke2 Nxd2 29. Rxh7+ Kg6 30. Rh4 Bf3+ 31. Ke3 e4 32. Rg1+ Kf5 33. Rf4+ Ke6 34. Rh4 Ke5 35. Rg6 Rd3# 0-1


[Site "https://www.chess.com"]

[Event "Titled Tuesday Blitz July 11 Early 2023"]
[White "Johnson, Ben"]
[Black "Dwilewicz, Katarzyna"]
[WhiteFideId "2010917"]
[BlackFideId "1148486"]
[WhiteElo "2102"]
[BlackElo "2283"]
[Result "1-0"]
[Round "7"]
[TimeControl "180+2"]
[Date "2023.07.11"]
[WhiteClock "0:00:07"]
[BlackClock "0:00:37"]
[Board "175"]

1. Nf3 b6 2. e4 Bb7 3. Nc3 c5 4. d4 d6 5. Bb5+ Nd7 6. dxc5 bxc5 7. O-O a6 8. Bc4 Ngf6 9. Re1 e6 10. h3 Be7 11. Bf4 Nb6 12. Bf1 O-O 13. e5 dxe5 14. Nxe5 Nbd5 15. Nxd5 Nxd5 16. Bg3 Bf6 17. c4 Nb4 18. Qb3 a5 19. Rad1 a4 20. Qe3 Qe7 21. Rd7 Nc2 22. Rxe7 Bxe7 23. Qc1 Nxe1 24. Qxe1 Rfd8 25. Qe3 Rd4 26. Nf3 Re4 27. Qc1 Rd8 28. Qc2 Bc6 29. Bd3 f5 30. Bxe4 Bxe4 31. Qc1 Bf6 32. Ne5 g5 33. f3 Bb7 34. f4 h6 35. Qc2 Rd4 36. Nf3 Re4 37. fxg5 hxg5 38. Qxa4 Kf8 39. Qd7 f4 40. Bf2 Ba6 41. Bxc5+ Kg8 42. Qe8+ Kh7 43. Qf8 Bg7 44. Qf7 Bxc4 45. Nxg5+ Kh6 46. Nxe4 Bd5 47. Nf2 f3 48. Qe7 fxg2 49. Be3+ Kg6 50. Qg5+ Kf7 51. h4 Bf6 52. Qh5+ Ke7 53. Bg5 e5 54. Bxf6+ Kxf6 55. Qg5+ Ke6 56. h5 e4 57. h6 e3 58. Qxe3+ Kf7 59. Qg3 1-0


[Site "https://www.chess.com"]